 Dungeon Crawl Stone Soup version 0.25-a0-663-gace7076 (webtiles) character file.

Game seed: 7578601440615394901, levelgen mode: deterministic

1289 robertstho the Skirmisher (level 8, -2/73 HPs)
             Began as a Minotaur Abyssal Knight on Mar 25, 2020.
             Was a Priest of Lugonu.
             Slain by an orc warrior
             ... wielding a +0 trident
              (13 damage)
             ... on level 7 of the Dungeon.
             The game lasted 00:07:35 (5191 turns).

robertstho the Skirmisher (Minotaur Abyssal Knight) Turns: 5191, Time: 00:07:35

Health: -2/73      AC: 10    Str: 18    XL:     8   Next: 30%
Magic:  9/9        EV: 10    Int:  9    God:    Lugonu [***...]
Gold:   230        SH:  0    Dex: 11    Spells: 7/7 levels left

rFire    . . .     SeeInvis .   a - +1 falchion
rCold    . . .     Gourm    .   (no shield)
rNeg     . . .     Faith    .   p - +0 scale mail
rPois    .         Spirit   .   (helmet restricted)
rElec    .         Reflect  .   r - +1 cloak {+Inv}
rCorr    .         Harm     .   (no gloves)
MR       .....                  (no boots)
Stlth    ..........             (no amulet)
HPRegen  0.22/turn              (no ring)
MPRegen  0.11/turn              (no ring)

@: no status effects
A: retaliatory headbutt, horns 2
a: Depart the Abyss, Bend Space, Banish, Renounce Religion, Evoke Invisibility


You were on level 7 of the Dungeon.
You worshipped Lugonu.
Lugonu was most pleased with you.
You were not hungry.

You visited 1 branch of the dungeon, and saw 7 of its levels.
You visited the Abyss 1 time.

You collected 230 gold pieces.

Inventory:

Hand Weapons
 a - a +1 falchion (weapon)
 k - a +3 quarterstaff of chaos
Missiles
 d - 6 javelins (quivered)
 g - 9 poisoned darts
Armour
 p - a +0 scale mail (worn)
 r - a +1 cloak of invisibility (worn)
Wands
 m - a wand of clouds (7)
Scrolls
 b - 4 scrolls of teleportation {unknown}
 f - 3 scrolls of immolation
 h - a scroll of fog {unknown}
 i - 2 scrolls of magic mapping {unknown}
 j - 2 scrolls of enchant weapon
 l - 2 scrolls of remove curse
 o - 5 scrolls of identify
 u - a scroll of enchant armour {unknown}
Potions
 e - a potion of mutation {unknown}
 n - 3 potions of might
 q - 2 potions of resistance
 s - 2 potions of stabbing {unknown}
 t - 2 potions of curing {unknown}
Comestibles
 c - 12 rations


   Skills:
 * Level 7.2 Fighting
 + Level 6.6 Long Blades
 * Level 6.9 Armour
 + Level 2.5 Dodging
 + Level 0.1 Stealth
 * Level 3.9 Invocations


You had 7 spell levels left.
You didn't know any spells.
Your spell library contained the following spells:

 Spells                   Type           Power        Failure   Level  Hunger
 Animate Skeleton         Necr           N/A          75%         1    ##.....
 Apportation              Tloc           #.....       75%         1    ##.....
 Corona                   Hex            #......      75%         1    ##.....
 Magic Dart               Conj           #...         75%         1    ##.....
 Summon Small Mammal      Summ           #...         75%         1    ##.....
 Blink                    Tloc           N/A          86%         2    ###....
 Call Imp                 Summ           #.......     86%         2    ###....
 Slow                     Hex            #.......     86%         2    ###....
 Conjure Flame            Conj/Fire      #.......     98%         3    ####...
 Mephitic Cloud           Conj/Pois/Air  #.......     98%         3    ####...


Dungeon Overview and Level Annotations

Branches:
Dungeon (7/15)
 Temple: D:4-7

Altars:
Makhleb
Trog

Annotations:
D:4 3 runed translucent doors, Dittersdorf's ghost, novice GrFi


Innate Abilities, Weirdness & Mutations

You reflexively headbutt those who attack you in melee.
You have a pair of horns on your head.


Message History

Lugonu accepts your kill.
You barely miss the orc warrior.
The orc warrior is lightly wounded.
The orc warrior hits you with a +0 hand axe.
You hit the orc warrior but do no damage.
The orc warrior is lightly wounded.
The orc warrior hits you with a +0 hand axe!
* * * LOW HITPOINT WARNING * * *
You hit the orc warrior but do no damage.
The orc warrior is lightly wounded.
The orc warrior closely misses you. You furiously retaliate!
You headbutt the orc warrior.
Okay, then.
Space bends around you!
You blink.
An orc warrior comes into view. It is wielding a +0 trident.
The orc warrior shouts!
The orc warrior barely misses you.
There is a stone staircase leading up, spattered with blood here.
The orc warrior hits you from afar with a +0 trident!
You die...

.# . ######
.#.#
....##.#.###
##..?#.....
#.###........#
.........o...
#...))###
#.o..@..#
#.#####.# #.#
#ยง# ####.#
#o# #...o# #.#
#.##.#####.# #
#....o..#
#.#######.#
... ...


You could see 2 orc warriors.

Vanquished Creatures
  2 sky beasts (D:6)
  3 phantoms
  A bullfrog (D:6)
  A scorpion (D:5)
  A howler monkey (D:6)
  4 crimson imps
  A hound (D:6)
  2 orc priests
  Crazy Yiuf (D:3)
  4 orc wizards
  Terence (D:3)
  4 worker ants
  2 hound zombies (D:5)
  4 gnolls (D:3)
  4 adders
  2 worms
  2 dart slugs
  6 leopard geckos
  11 orcs
  A ball python (D:5)
  A giant cockroach (D:1)
  A goblin (D:3)
  5 hobgoblins
  16 jackals
  4 kobolds
  4 quokkas
  7 bats
  3 frilled lizards
  A jackal skeleton (D:4)
99 creatures vanquished.

Vanquished Creatures (others)
  An orc wizard (D:4)
1 creature vanquished.

Grand Total: 100 creatures vanquished

Notes
Turn   | Place    | Note
-------+----------+-------------------------------------------
     0 | Abyss:1  | robertstho the Minotaur Abyssal Knight began the quest for
                  | the Orb.
     0 | Abyss:1  | Reached XP level 1. HP: 19/19 MP: 1/1
     2 | Abyss:1  | Noticed a chaos spawn
     4 | Abyss:1  | Noticed a chaos spawn
     9 | D:1      | Escaped the Abyss
    32 | D:1      | Reached skill level 4 in Fighting
    67 | D:1      | Reached XP level 2. HP: 11/27 MP: 2/2
   225 | D:1      | Reached * piety under Lugonu
  1007 | D:2      | Reached XP level 3. HP: 27/34 MP: 3/3
  1414 | D:3      | Reached XP level 4. HP: 22/41 MP: 4/4
  1653 | D:3      | Noticed Terence
  1662 | D:3      | Killed Terence
  1662 | D:3      | Reached ** piety under Lugonu
  1719 | D:3      | Reached skill level 5 in Fighting
  1768 | D:3      | Reached XP level 5. HP: 29/48 MP: 5/5
  1923 | D:3      | Found a runed translucent door.
  1924 | D:3      | Noticed Crazy Yiuf
  2068 | D:3      | Killed Crazy Yiuf
  2182 | D:4      | Reached XP level 6. HP: 35/56 MP: 6/6
  2203 | D:4      | Found a bloodstained altar of Trog.
  2484 | D:4      | Found a runed translucent gate.
  2484 | D:4      | Found a runed translucent gate.
  2486 | D:4      | Found a runed translucent gate.
  2486 | D:4      | Noticed Dittersdorf's ghost (novice GrFi)
  2489 | D:4      | Identified the +8 whip of Duty {pain, *Drain rC+ Str+3}
  2689 | D:4      | Reached skill level 5 in Long Blades
  3074 | D:5      | Entered Level 5 of the Dungeon
  3241 | D:5      | Reached skill level 6 in Fighting
  3241 | D:5      | Reached skill level 5 in Armour
  3241 | D:5      | Reached XP level 7. HP: 56/63 MP: 8/8
  3582 | D:5      | Reached *** piety under Lugonu
  4190 | D:6      | Found a burning altar of Makhleb.
  4258 | D:6      | Reached XP level 8. HP: 38/71 MP: 9/9
  4317 | D:6      | Reached skill level 7 in Fighting
  5191 | D:7      | Slain by an orc warrior

Levels and vault maps discovered:
D:1:      minmay_arrival_four_circles, layout_basic,
          chequers_serial_rivers_micro_b
D:2:      layout_rooms, first_ration
D:3:      layout_rooms, uniq_terence, uniq_crazy_yiuf_cottage
D:4:      layout_basic, bloody_trog, gammafunk_ghost_nasty_kobolds
D:5:      minmay_skewed_foursquare, layout_basic, minivault_1
D:6:      layout_layer_cave, grunt_decor_one_mirror, makhleb_heckhound_becter
D:7:      layout_loops_ring, grunt_temple_overflow_holy_war,
          lemuel_coloured_pillars_altar, nicolae_overflow_hidden_temple,
          minitemple, minmay_temple_entry_butterflies, serial_shops, shop,
          uniq_menkaure, uniq_pikel

Skill      XL: |  1  2  3  4  5  6  7  8 |
---------------+-------------------------+-----
Fighting       | 4 5 6 7 |  7.2
Invocations    | 2 3 |  3.9
Long Blades    | 3 4 5 6 |  6.6
Armour         | 3 4 5 6 |  6.9
Dodging        | 2 |  2.5
Stealth        | |  0.1

Action                   |  1- 3 |  4- 6 |  7- 9 || total
-------------------------+-------+-------+-------++-------
Melee: Falchion          |    60 |   143 |   163 ||   366
       Headbutt          |    12 |    22 |    25 ||    59
Invok: Depart the Abyss  |     1 |       |       ||     1
       Bend Space        |       |       |     1 ||     1
  Use: Potion            |       |     4 |     1 ||     5
       Scroll            |       |     7 |       ||     7
  Eat: Chunk             |     2 |     6 |     4 ||    12
       Ration            |       |       |     1 ||     1
Armor: Leather armour    |     5 |       |       ||     5
       Ring mail         |    14 |    17 |       ||    31
       Scale mail        |       |    66 |    72 ||   138
Dodge: Dodged            |    52 |    75 |    75 ||   202
       Rpst.: Falchion   |    22 |    31 |    25 ||    78

Table legend:
 A = Non-vault XP
 B = Vault XP
 C = Vault XP percentage of total XP
 D = Non-vault monster count
 E = Vault monster count
 F = Vault count percentage of total count
                 A         B        C        D         E       F
            +---------+---------+-------+---------+---------+-------
      Total |    1656 |     186 |  10.1 |      95 |       5 |   5.0
            +---------+---------+-------+---------+---------+-------
        D:1 |      37 |       0 |   0.0 |      20 |       0 |   0.0
        D:2 |      26 |       0 |   0.0 |      11 |       0 |   0.0
        D:3 |     121 |      77 |  38.9 |      15 |       2 |  11.8
        D:4 |     378 |       0 |   0.0 |      17 |       0 |   0.0
        D:5 |     321 |      66 |  17.1 |      14 |       2 |  12.5
        D:6 |     726 |      43 |   5.6 |      15 |       1 |   6.2
        D:7 |      47 |       0 |   0.0 |       3 |       0 |   0.0
            +---------+---------+-------+---------+---------+-------
